 Dungeon Crawl Stone Soup version 0.16.1-17-g773cdaf (webtiles) character file.

703 jacksonaction the Changer (level 7, -1/43 HPs)
             Began as an Octopode Transmuter on Apr 22, 2015.
             Engulfed by a cloud of freezing vapour (28 damage)
             ... on level 5 of the Dungeon.
             The game lasted 00:29:10 (5007 turns).

jacksonaction the Changer (Octopode Transmuter)     Turns: 5007, Time: 00:29:10

Health: -1/43      AC:  6    Str:  9    XL:     7   Next: 66%
Magic:  13/17      EV: 12    Int: 17    God:
Gold:   168        SH:  0    Dex: 13    Spells: 4 memorised, 1 level left

rFire  + . .     SeeInvis .     q - +1 mace (protect)
rCold  x . .     Clarity  .     (no shield)
rNeg   . . .     SustAb   .     (helmet restricted)
rPois  .         Gourm    .     (no amulet)
rElec  .         Spirit   .     u - ring of fire
rCorr  .         Warding  .     (no ring)
rMut   .         Stasis   .     (no ring)
MR     .....                    (no ring)
Stlth  ++........               (no ring)
                                (no ring)
                                (no ring)
                                (no ring)

@: very slightly contaminated, not resistant to hostile enchantments, unstealthy
A: almost no armour, amphibious, 8 rings, constrict 8, camouflage 1, gelatinous
body 1
a: no special abilities


You were on level 5 of the Dungeon.
You were hungry.

You visited 2 branches of the dungeon, and saw 6 of its levels.

You collected 168 gold pieces.

Inventory:

Hand weapons
 q - a +1 mace of protection (weapon)
Missiles
 i - 33 poisoned needles
 p - a javelin of returning (quivered)
Jewellery
 u - a ring of fire (left tentacle)
Scrolls
 f - 2 scrolls of enchant armour
 g - a scroll of teleportation {unknown}
 h - a scroll of enchant weapon {unknown}
 k - a scroll of fog {unknown}
 l - 4 scrolls of identify
 n - a scroll of random uselessness {unknown}
 o - a scroll of noise {unknown}
 r - a scroll of fear {unknown}
 s - a scroll of magic mapping {unknown}
Potions
 b - 2 potions of might {unknown}
 e - a potion of curing {unknown}
 j - a potion of flight {unknown}
 m - 2 potions of cancellation {unknown}
Books
 d - a book of Changes

   Spells                             Type                      Level
   a - Beastly Appendage              Transmutation                1
   b - Sticks to Snakes               Transmutation                2
   c - Spider Form                    Transmutation/Poison         3
   d - Ice Form                       Ice/Transmutation            4
   e - Blade Hands                    Transmutation                5
Comestibles
 a - 3 bread rations
 c - 2 beef jerkies
 t - a chunk of flesh


   Skills:
 - Level 1.0 Fighting
 - Level 2.0 Dodging
 - Level 3.0 Unarmed Combat
 - Level 4.1 Spellcasting
 + Level 6.9 Transmutations
 - Level 2.1 Ice Magic


You had one spell level left.
You knew the following spells:

 Your Spells              Type           Power        Failure   Level  Hunger
a - Beastly Appendage     Trmt           ####..       1%          1    None
b - Spider Form           Trmt/Pois      ###.......   12%         3    ###....
c - Ice Form              Ice/Trmt       #.......     24%         4    ####...
d - Blade Hands           Trmt           ####......   30%         5    ######.


Dungeon Overview and Level Annotations

Branches:
Dungeon (5/15)             Temple (1/1) D:4

Altars:
Ashenzari
Fedhas
Kikubaaqudgha
Makhleb
Nemelex Xobeh
Qazlal
Ru
Sif Muna
Trog
Vehumet
Xom
Yredelemnul
Zin
The Shining One

Annotations:
D:2 Sigmund


Innate Abilities, Weirdness & Mutations

You cannot wear most types of armour.
You are amphibious.
You can wear up to eight rings at the same time.
You can use your tentacles to constrict many enemies at once.
Your skin changes colour to match your surroundings (Stealth).
Your rubbery body absorbs attacks (AC +1).


Message History

The phantom hits you.
You barely miss the phantom. Your squeeze misses the phantom.
The phantom is heavily damaged.
The phantom barely misses you. The phantom hits you!
You closely miss the phantom.
You squeeze the phantom, but do no damage.
The phantom is heavily damaged.
The phantom closely misses you.
You closely miss the phantom. Your squeeze misses the phantom.
The phantom is heavily damaged.
The phantom blinks!
Casting: Spider Form
Confirm with . or Enter, or press ? or * to list all spells.
You feel a numb sensation.
You miscast Ice Form.
You are very lightly contaminated with residual magic.
Freezing gasses pour from your tentacles!
You are feeling hungry.
You are engulfed in freezing vapours.
Ouch! That really hurt!
You die...

## ## #. .### #.#...
################ ...#
...............# ##.##
......########.####...######
.##..........#.§@§W§#......#
....#.###### ###§##§..####o#
.##.#.# #§###.## .##)#.###
#§# #.# ........# #.# #.#
<##.....# #.# #.# ..###.#.#
#.###[###.##### ..# .#
#.............#### ..# ..
#####.##...........


You could see a phantom.

Vanquished Creatures
  A crimson imp (D:5)
  A giant frog skeleton (D:4)
  An iguana (D:4)
  4 orc priests
  2 hounds
  A worker ant (D:4)
  8 orc wizards
  Ijyb (D:2)
  Jessica (D:2)
  A hound skeleton (D:5)
  3 adders
  3 worms
  An ooze (D:4)
  31 orcs
  8 giant cockroaches
  4 hobgoblins
  2 jackals
  3 ball pythons
  A ball python skeleton (D:5)
  9 bats
  2 giant geckos
  6 giant newts
  9 goblins
  6 kobolds
  5 rats
114 creatures vanquished.

Vanquished Creatures (others)
  An orc (D:3)
  A giant spore (D:4)
2 creatures vanquished.

Grand Total: 116 creatures vanquished

Notes
Turn   | Place    | Note
--------------------------------------------------------------
     0 | D:1      | jacksonaction, the Octopode Transmuter, began the quest for the Orb.
     0 | D:1      | Reached XP level 1. HP: 13/13 MP: 3/3
   471 | D:1      | Reached XP level 2. HP: 18/18 MP: 4/4
   926 | D:2      | Noticed Sigmund
  1034 | D:2      | Reached XP level 3. HP: 14/23 MP: 4/6
  1039 | D:2      | Learned a level 3 spell: Spider Form
  1178 | D:2      | Noticed Jessica
  1185 | D:2      | Killed Jessica
  1185 | D:2      | Reached skill level 4 in Transmutations
  1251 | D:2      | Reached XP level 4. HP: 28/28 MP: 4/7
  1611 | D:2      | Found a sparkling altar of Nemelex Xobeh.
  1611 | D:2      | Noticed Ijyb
  1626 | D:2      | Killed Ijyb
  1664 | D:2      | Found a blossoming altar of Fedhas.
  1848 | D:3      | Reached skill level 5 in Transmutations
  1848 | D:3      | Reached XP level 5. HP: 24/33 MP: 5/9
  1854 | D:3      | Learned a level 4 spell: Ice Form
  2030 | D:3      | Reached skill level 1 in Ice Magic
  2631 | D:3      | Reached XP level 6. HP: 38/38 MP: 7/10
  2922 | D:4      | Found a shattered altar of Ashenzari.
  2999 | D:4      | Reached skill level 6 in Transmutations
  3178 | D:4      | Found a staircase to the Ecumenical Temple.
  3184 | Temple   | Entered the Ecumenical Temple
  4073 | D:4      | Reached XP level 7. HP: 43/43 MP: 8/14
  4156 | D:4      | Found a basalt altar of Yredelemnul.
  4702 | D:4      | Learned a level 5 spell: Blade Hands
  4872 | D:5      | Entered Level 5 of the Dungeon
  5007 | D:5      | Engulfed by a cloud of freezing vapour

Action                   |  1- 3 |  4- 6 |  7- 9 || total
-------------------------+-------+-------+-------++-------
Melee: Unarmed           |    61 |   137 |    47 ||   245
       Mace              |       |    17 |    36 ||    53
Throw: Javelin           |     9 |     7 |     3 ||    19
 Cast: Beastly Appendage |     2 |       |       ||     2
       Spider Form       |     2 |    18 |     6 ||    26
  Use: Scroll            |       |       |     1 ||     1
 Stab: Sleeping          |     1 |     6 |     1 ||     8
  Eat: Chunk             |     1 |    12 |     3 ||    16
